 Dungeon Crawl Stone Soup version 0.24.0-13-gcf9b3192b9 (webtiles) character file.

Game seed: 2353697609166726326, levelgen mode: deterministic

620 Johnny the Slasher (level 7, -1/70 HPs)
             Began as a Troll Berserker on Nov 5, 2019.
             Was a Priest of Trog.
             Slain by an orc warrior
             ... wielding a +0 mace
              (11 damage)
             ... on level 6 of the Dungeon.
             The game lasted 00:04:45 (3240 turns).

Johnny the Slasher (Troll Berserker)                Turns: 3240, Time: 00:04:45

Health: -1/70      AC:  6    Str: 28    XL:     7   Next: 22%
Magic:  6/6        EV: 11    Int:  3    God:    Trog [***...]
Gold:   203        SH:  0    Dex:  9    Spells: 6/6 levels left

rFire    . . .     SeeInvis .   a - +0 falchion
rCold    . . .     Gourm    +   (no shield)
rNeg     . . .     Faith    .   b - +0 animal skin
rPois    .         Spirit   .   (helmet restricted)
rElec    .         Reflect  .   (no cloak)
rCorr    .         Harm     .   (gloves unavailable)
MR       ++...                  (boots unavailable)
Stlth    +.........             (no amulet)
HPRegen  1.61/turn              (no ring)
MPRegen  0.10/turn              (no ring)

@: regenerating
A: large, unfitting armour, claws 3, fast metabolism 3, gourmand, regeneration
1, shaggy fur 1, tough skin 3
a: Berserk, Trog's Hand, Renounce Religion


You were on level 6 of the Dungeon.
You worshipped Trog.
Trog was most pleased with you.
You were not hungry.

You visited 1 branch of the dungeon, and saw 6 of its levels.
You also visited: Sewer.

You collected 203 gold pieces.

Inventory:

Hand Weapons
 a - a +0 falchion (weapon)
 v - a +0 dagger of venom
Armour
 b - a +0 animal skin (worn)
 n - the +2 pair of boots of Herchuh {Regen+ Str+2, unknown}
   (You found it on level 6 of the Dungeon)

   It affects your strength (+2).
   It increases your rate of regeneration.
Wands
 w - a wand of clouds (3)
Scrolls
 e - 2 scrolls of teleportation
 f - a scroll of enchant armour {unknown}
 g - 4 scrolls of remove curse
 j - 3 scrolls of blinking
 k - 2 scrolls of noise {unknown}
 m - 4 scrolls of amnesia
 s - a scroll of immolation {unknown}
Potions
 d - a potion of might {unknown}
 h - a potion of berserk rage {unknown}
 i - a potion of cancellation {unknown}
 l - a potion of heal wounds {unknown}
 o - 3 potions of curing
 p - 2 potions of agility {unknown}
 q - 2 potions of magic {unknown}
 r - a potion of resistance {unknown}
 t - a potion of haste {unknown}
 u - a potion of mutation {unknown}
Comestibles
 c - 10 rations


   Skills:
 + Level 4.0 Fighting
 * Level 5.1 Long Blades
 + Level 4.0 Dodging


You had 6 spell levels left.
You didn't know any spells.
Your spell library was empty.

Dungeon Overview and Level Annotations

Branches:
Dungeon (7/15)              Sewer (visited)
 Temple: D:4-7

Altars:
Cheibriados
Makhleb
Okawaru
Qazlal
Ru
Vehumet
Zin

Shops:
D:6 (


Innate Abilities, Weirdness & Mutations

You are too large for most types of armour.
You have claws for hands.
Your metabolism is lightning-fast.
You like to eat raw meat.
Your natural rate of healing is unusually fast.
You are covered in fur. (AC +1)
You have extremely tough skin. (AC +3)


Message History

You hit the orc warrior.
The orc warrior is severely wounded.
The orc warrior hits you but does no damage.
Unknown command.
Your skin crawls.
You feel resistant to hostile enchantments.
You feel quite a bit more hungry.
Unknown command.
Unknown command.
Unknown command.
The orc warrior hits you with a +0 mace!
* * * LOW HITPOINT WARNING * * *
You see here 16 stones.
You hit the orc warrior.
The orc warrior is severely wounded.
Unknown command.
You hit the orc warrior but do no damage.
The orc warrior is severely wounded.
The orc warrior hits you with a +0 mace!
You die...

#.............
#..............
.............
#...........
#..o........ #.
##§○§o....... ...
#§☼......... .....
#☼○......... ......#
#°.@o.......
.......####..........
.....................
..#.............##.##
...........8..∩..8.#
...............#####
..........###...#
#........# ###.#
#.......## ...


You could see an orc warrior (confused) and 2 orcs.

Vanquished Creatures
  Purgy (Sewer)
  A black bear (D:6)
  A crimson imp (D:4)
  An orc wizard (D:3)
  2 orc priests
  4 worker ants
  A howler monkey skeleton (D:4)
  8 adders
  A shadow imp (D:7)
  An ooze (D:3)
  4 worms
  5 dart slugs
  3 leopard geckos
  10 orcs
  2 giant cockroaches
  11 goblins
  10 hobgoblins
  9 jackals
  A quokka (D:2)
  3 ball pythons
  11 bats
  5 frilled lizards
  6 kobolds
  10 rats
111 creatures vanquished.

Notes
Turn   | Place    | Note
-------+----------+-------------------------------------------
     0 | D:1      | Johnny the Troll Berserker began the quest for the Orb.
     0 | D:1      | Reached XP level 1. HP: 22/22 MP: 0/0
    92 | D:1      | Reached XP level 2. HP: 26/29 MP: 1/1
   233 | D:1      | Reached ** piety under Trog
   473 | D:1      | Reached XP level 3. HP: 36/36 MP: 2/2
   572 | D:1      | Reached skill level 3 in Long Blades
  1213 | D:2      | Reached XP level 4. HP: 43/45 MP: 3/3
  1591 | D:3      | Reached *** piety under Trog
  1659 | D:3      | Found a stormy altar of Qazlal.
  1675 | D:3      | Found a snail-covered altar of Cheibriados.
  1715 | D:3      | Reached XP level 5. HP: 37/53 MP: 4/4
  2114 | D:3      | Reached skill level 4 in Long Blades
  2181 | D:3      | Found a glowing drain.
  2213 | Sewer    | Entered a sewer
  2254 | Sewer    | Noticed Purgy
  2267 | Sewer    | Killed Purgy
  2267 | Sewer    | Reached XP level 6. HP: 61/61 MP: 5/5
  2513 | D:4      | Found a radiant altar of Vehumet.
  2514 | D:4      | Found a burning altar of Makhleb.
  2601 | D:4      | Found a sacrificial altar of Ru.
  2649 | D:4      | Found an iron altar of Okawaru.
  2745 | D:4      | Found a glowing silver altar of Zin.
  3039 | D:4      | You fall into a shaft and drop 3 floors!
  3061 | D:7      | Reached XP level 7. HP: 68/68 MP: 6/6
  3108 | D:7      | Reached skill level 5 in Long Blades
  3177 | D:6      | HP: 5/102 [black bear (2)]
  3178 | D:6      | HP: 2/102 [black bear (2)]
  3190 | D:6      | Found Safyesm's Weapon Emporium.
  3208 | D:6      | Got a pair of ichor-stained boots
  3240 | D:6      | Slain by an orc warrior

Levels and vault maps discovered:
D:1:      minmay_arrival_widening_spiral_wide, layout_basic,
          minmay_small_reverse_x
D:2:      layout_basic, first_ration
D:3:      layout_loops_ring, kennysheep_slug_shrine,
          cheibrodos_sewer_entry_bend, nicolae_qazlal_general_emergency
D:4:      layout_basic, kennysheep_okawaru_gauntlet, zin_treasury,
          grunt_temple_overflow_lords_of_destruction, nicolae_ru_awakened_eye
D:6:      layout_layer_cave, overflow_temple_1_default, serial_shops,
          shop_statue, nicolae_ossuary_entry_catacombs, due_unseen_surprise
D:7:      layout_loops_corners, temple_pool_b, guppyfry_shop_venom

Skill      XL: |  1  2  3  4  5  6  7 |
---------------+----------------------+-----
Long Blades    | 3 4 5 |  5.1
Fighting       | 3 4 |  4.0
Dodging        | 3 4 |  4.0

Action                   |  1- 3 |  4- 6 |  7- 9 || total
-------------------------+-------+-------+-------++-------
Melee: Falchion          |   138 |   239 |    40 ||   417
Invok: Berserk           |       |     3 |     1 ||     4
       Trog's Hand       |       |       |     1 ||     1
Evoke: Wand              |       |       |     1 ||     1
  Use: Scroll            |       |       |     5 ||     5
 Stab: Sleeping          |     1 |     1 |       ||     2
       Confused          |       |       |     1 ||     1
  Eat: Chunk             |    16 |    19 |     1 ||    36
Armor: Animal skin       |    75 |   103 |    21 ||   199
Dodge: Dodged            |    99 |   153 |    23 ||   275
       Rpst.: Falchion   |    32 |    44 |     3 ||    79
